[Event "Asian Amateur-ch Open 2022"]
[Site "Muscat"]
[Date "2022.10.03"]
[Round "6.10"]
[White "Maasarani, Mahmoud"]
[Black "Muhammed, Zahid"]
[Result "1/2-1/2"]
[ECO "E16"]
[WhiteElo "1991"]
[BlackElo "1677"]
[Annotator "TA"]
[PlyCount "105"]
[EventDate "2022.09.29"]
[EventType "swiss"]
[SourceTitle "playchess.com"]
[Source "ChessBase"]
[SourceQuality "1"]
[TimeControl "5400+30"]

1. d4 Nf6 2. Nf3 e6 3. g3 b6 4. Bg2 Bb7 5. O-O c5 6. c4 cxd4 7. Qxd4 Bc5 8. Qd1 O-O 9. Nc3 d6 {[%emt 0:10:11] E16: Queen's Indian: 4 g3 Bb7 5 Bg2 Bb4+.} 10. a3 {[%emt 0:10:16] [#] Strongly threatening b4.} a5 {[%emt 0:01:10] [#] Prevents b4.} 11. Na4 $146 ({Predecessor:} 11. Qc2 h6 12. b3 Qe7 13. Bb2 Nbd7 14. e4 e5 15. Rad1 Nb8 16. Nh4 g6 17. Qd2 Kg7 18. Rfe1 {1-0 (45) Sharbel,M (1937)-Slim,N Beirut 2017}) 11... Nbd7 12. Bg5 h6 13. Bxf6 Nxf6 ({Don't take} 13... gxf6 14. Qd2 $16) 14. Nd4 Bxg2 15. Kxg2 d5 16. Nxc5 (16. cxd5 $11 Qxd5+ 17. Nf3) 16... bxc5 $15 17. Nb3 Qb6 18. cxd5 exd5 19. Qc2 c4 20. Nd2 Rab8 21. Rab1 Rfe8 {[%emt 0:02:45] Inhibits e4.} (21... Ng4 {is interesting.} 22. Kg1 Qc5 23. Qf5 Ne3) 22. e3 (22. b3 $11) 22... Ne4 (22... Qc6 $17 {With the idea ...Ng4.} 23. Kg1 Rb6) 23. Nxe4 $11 Rxe4 24. Rfd1 Re5 25. Rd4 Qb3 26. Qd1 Qxd1 27. Rdxd1 {[%emt 0:00:22][%mdl 4096] Endgame KRR-KRR} (27. Rbxd1 $11 {is superior.} Rxb2 28. Rxd5 Rxe3 29. Rxa5) 27... a4 28. Rdc1 Kf8 29. Rc2 Re6 30. Rd1 Rb5 31. Rd4 Reb6 32. Rdd2 f5 33. h4 Ke7 34. Kf3 Kf6 35. Ke2 Ke6 36. Kd1 Rb3 37. Kc1 Ke5 (37... h5 $15) 38. Rd4 ({White should play} 38. h5 $1 $11) 38... g5 (38... h5 $15) 39. hxg5 hxg5 40. Rdd2 (40. f4+ $1 $11 gxf4 41. gxf4+ Ke6 42. Rh2) 40... c3 $2 (40... Rd3 $19 {aiming for ...g4.} 41. Rd1 Rxd1+ 42. Kxd1 f4 43. exf4+ gxf4 44. Re2+ Kf5 45. gxf4 Kxf4) 41. Rxc3 Rxc3+ 42. bxc3 {[%emt 0:00:06] KR-KR} Rb3 $1 43. Kc2 Rxa3 44. Kd3 {[%emt 0:00:26] [#]} (44. f4+ $11 gxf4 45. exf4+ Kd6 46. Rd4) 44... Ra1 (44... g4 $1 $17 {Threatens to win with ...Ra1.} 45. Rb2 Ra1) 45. f4+ {[%emt 0:00:24] The position is equal.} gxf4 46. gxf4+ Ke6 47. c4 Ra3+ 48. Kd4 dxc4 {[%emt 0:00:21][%cal Oa3d3] ( -> ...Rd3+!)} 49. e4 fxe4 50. Kxe4 Rh3 51. Rc2 c3 52. Ra2 Kd6 53. Kd4 {[%emt 0:04:40] Weighted Error Value: White=0.24 (precise) /Black=0.23 (precise)} 1/2-1/2

[Event "Asian Amateur-ch Open 2022"]
[Site "Muscat"]
[Date "2022.10.03"]
[Round "6.11"]
[White "Musallam Salim Al Aamri"]
[Black "Alharthi, Ahmed Mohammed A"]
[Result "1-0"]
[ECO "B01"]
[WhiteElo "1680"]
[BlackElo "1950"]
[Annotator "TA"]
[PlyCount "65"]
[EventDate "2022.09.29"]
[EventType "swiss"]
[SourceTitle "playchess.com"]
[Source "ChessBase"]
[SourceQuality "1"]
[TimeControl "5400+30"]

1. e4 d5 2. exd5 Nf6 3. Nf3 Qxd5 4. Nc3 Qa5 5. d4 Bf5 6. Bd2 Nbd7 7. Bc4 c6 8. Qe2 Qc7 {[%emt 0:02:15] The main line 8...Qc7 scores better than 8...e6.} 9. O-O-O e6 10. h3 {[%emt 0:00:31] B01: Scandinavian Defence.} h5 (10... Bb4 {is interesting.} 11. g4 Bg6 12. Kb1 a5) 11. Rhe1 O-O-O {[%emt 0:03:07] [#]} 12. Bg5 $146 (12. Kb1 $14) ({Predecessor:} 12. Ne5 Nxe5 13. dxe5 Nd7 14. Bf4 Bb4 15. Qe3 Nb6 16. Bb3 c5 17. a3 Ba5 18. Bg5 Rxd1+ 19. Rxd1 {½-½ (53) Sinnhoefer,L (1128)-Lohr,M (1420) Magdeburg 2014}) 12... Bd6 (12... Bb4 $5 ) 13. Ne5 Nb6 14. Bb3 Nbd5 15. Na4 Rde8 16. f3 {[%emt 0:04:20] Prevents Ne4.} (16. Qf3 $5 ) 16... Nh7 17. Bd2 f6 {[%emt 0:01:13] [#]} ({Black should play} 17... Nf8 $14) 18. Nd3 (18. g4 $1 $16 ) 18... h4 19. Nac5 g5 20. Ne4 Bh2 21. Kb1 Qg7 (21... Rd8 $14 {deserves consideration.}) 22. Ndc5 {[%emt 0:04:39] And now g4 would win.} Nf8 $2 (22... Qc7 $16 {is a better chance.}) 23. Qc4 $2 ({White must play} 23. g4 $18) 23... Ng6 ({Black should try} 23... Nd7 $14) 24. Qa4 (24. g4 $142 hxg3 25. Nd6+ Kb8 26. Ncxb7) 24... Bb8 ({Better is} 24... Kb8) 25. Bc4 Nb6 26. Qb3 {[%emt 0:00:22] White is much more active.} Nxc4 27. Qxc4 Nf4 28. Qb3 $2 (28. Bxf4 $16 gxf4 29. b4) 28... Rhf8 (28... Nxg2 $11 {keeps the balance.} 29. Rg1 (29. Nxf6 Re7 $17) 29... Nf4 30. Nxf6 Re7 31. Bxf4 Bxf4) 29. Bxf4 $16 Bxf4 30. a4 b6 31. Nd3 {[%emt 0:00:17] Pair of Knights!} Qd7 (31... Qc7 $14) 32. Qc4 Kb7 $2 {[%emt 0:01:26][%mdl 8192] [#]} (32... Bg3 $14) 33. Ndc5+ $1 {[%emt 0:00:25][%mdl 512] Weighted Error Value: White=0.47/Black=0.53} 1-0

[Event "Asian Amateur-ch Open 2022"]
[Site "Muscat"]
[Date "2022.10.03"]
[Round "6.12"]
[White "Rafee, Mohd Hayel"]
[Black "Al Zadjali, Abdul Rahman"]
[Result "1-0"]
[ECO "B27"]
[WhiteElo "1941"]
[BlackElo "1534"]
[Annotator "TA"]
[PlyCount "89"]
[EventDate "2022.09.29"]
[EventType "swiss"]
[SourceTitle "playchess.com"]
[Source "ChessBase"]
[SourceQuality "1"]
[TimeControl "5400+30"]

1. e4 c5 2. Nf3 g6 3. d4 cxd4 4. Qxd4 Nf6 5. Nc3 Nc6 6. Qa4 d6 7. e5 dxe5 8. Nxe5 Bd7 {[%emt 0:00:02] B27: Sicilian: 2 Nf3, unusual Black 2nd moves.} 9. Nxd7 Qxd7 10. Be3 Qg4 {[%emt 0:02:22] [#]} (10... a6 $11) 11. Bc4 $146 (11. Qb3 $16 Qc8 12. Be2) ({Predecessor:} 11. Qb3 O-O-O 12. Qxf7 Nb4 13. Qb3 Nfd5 14. Be2 Qxg2 15. O-O-O e6 16. Rhg1 Qxh2 17. Bg4 Nc7 18. Bxe6+ Nxe6 19. Qxe6+ Kc7 20. Nb5+ Kb8 21. Rxd8# {1-0 (21) Polok,K (2245)-Schut,H (2101) Chess.com INT 2021}) 11... Bg7 $11 12. O-O O-O 13. h3 Qc8 14. Rad1 a6 {[%emt 0:01:56] And now ...b5 would win.} 15. Bb3 b5 16. Qh4 Ne5 (16... Qb7 $11) 17. Bd5 {[%emt 0:00:24] White has more active pieces. The black rooks are badly placed.} (17. Nd5 $16 Qb7 18. Bg5) 17... Nxd5 ({Better is} 17... Nc6 $1 $14) 18. Nxd5 $16 Qxc2 19. Rd2 (19. Qxe7 Kh8 $14) 19... Qc4 20. Rd4 ({Much worse is} 20. Qxe7 $6 Qxa2 21. b4 Qc4 $11) 20... Qe2 21. Qxe7 ({White should try} 21. Nxe7+ $16 Kh8 22. Bd2) 21... f6 $2 (21... Rae8 $11 {and Black is okay.} 22. Qh4 Qxb2) 22. Nf4 $18 Qxb2 23. Ne6 (23. Rd2 Qc3 $18) 23... Rf7 24. Rd8+ Rxd8 25. Qxd8+ Bf8 26. Bh6 $1 Nd7 (26... Qa3 $142 27. Bxf8 Rxf8 28. Nxf8 Qxf8) 27. Nxf8 Nxf8 28. Re1 {[%emt 0:00:07] Inhibits Qe2.} ({Not} 28. Qd5 Qe5 29. Qxe5 fxe5 $16) (28. Rc1 $142) 28... Qb4 (28... Qxa2 $2 29. Re8 Qa3 30. Qd5 $18) 29. Re8 Qc5 {[%emt 0:00:30] Prevents Qd5.} 30. a3 g5 {[%emt 0:00:45] [#]} (30... Qxa3 $2 31. Qd5 $18) 31. Kh2 (31. g3 $1 $18) 31... b4 $2 {[%emt 0:02:03][%mdl 8192] This costs Black the game.} (31... a5 $16 32. Qxa5 Qxf2) 32. axb4 Qxb4 33. g3 {[%emt 0:00:08] Against Qf4} Qc5 {[%emt 0:00:35] [#]} 34. Qd2 Qc6 35. Qe2 $40 {[%emt 0:01:51][%mdl 128] White wants a kill.} (35. Rd8 $142 {Qb4 would kill now.} f5 36. Rd6) 35... f5 36. Bxg5 Qg6 (36... h6 {was worth a try.}) 37. Qe3 Kg7 $2 (37... h5 38. Rb8 f4 39. Bxf4 Qf5) 38. Qe5+ Kg8 39. Bd2 (39. Be7 $142) 39... Qf6 40. Qc5 {[%emt 0:00:25] Hoping for Bc3.} Qg6 $2 (40... f4) 41. Bb4 {[%emt 0:00:33][%cal Re8f8] White is clearly winning.} Qh6 42. Bc3 f4 43. Qd4 fxg3+ 44. fxg3 Rf3 45. Re7 {[%emt 0:04:24] Weighted Error Value: White=0.38/Black=0.73} 1-0

[Event "Asian Amateur-ch Open 2022"]
[Site "Muscat"]
[Date "2022.10.03"]
[Round "6.13"]
[White "Khalili, Mehdi"]
[Black "Shahali, Milad"]
[Result "0-1"]
[ECO "A47"]
[WhiteElo "1575"]
[BlackElo "1910"]
[Annotator "TA"]
[PlyCount "124"]
[EventDate "2022.09.29"]
[EventType "swiss"]
[SourceTitle "playchess.com"]
[Source "ChessBase"]
[SourceQuality "1"]
[TimeControl "5400+30"]

1. d4 Nf6 2. Nf3 b6 3. Bg5 Bb7 4. Nbd2 h6 5. Bxf6 exf6 6. g3 {[%emt 0:10:15] A47: 1 d4 Nf6 2 Nf3 b6: Torre, London and Colle Systems.} f5 7. Bg2 g6 8. O-O {[%emt 0:00:28] The position is equal.} Bg7 {[%emt 0:00:12] [#]} 9. c3 $146 ({Predecessor:} 9. e3 O-O 10. Ne1 Bxg2 11. Nxg2 d6 12. a4 a6 13. a5 b5 14. c4 c6 15. b4 {1-0 (33) Stripunsky,A (2492)-Rodchenkov,S (2346) Chess.com INT 2020}) 9... O-O 10. a4 a5 11. Re1 Re8 12. e3 d6 13. Qc2 Nd7 14. Rad1 Qe7 15. c4 Rad8 16. d5 Nc5 17. Nd4 (17. b3) 17... Na6 18. Nc6 (18. N2f3 $11) 18... Bxc6 $17 {[%emt 0:00:06] Black continues to play with concentration.} 19. dxc6 Nb4 20. Qb3 Qe5 21. Nb1 (21. Rb1 $142) 21... Qxb2 22. Qxb2 Bxb2 23. Nd2 (23. Re2 Bg7 24. Na3) (23. Re2 $17 Bf6 24. Na3) 23... Bc3 24. Re2 Bxd2 25. Rexd2 Re5 26. Bd5 Rde8 27. Kg2 Kg7 28. h3 Kf6 29. Kf3 Na6 30. Kg2 Nc5 31. Ra2 Ne4 {[%emt 0:01:20] Strongly threatening ...Nc3.} 32. Rc2 g5 33. Rb1 Kg6 34. Re1 Nf6 35. Rd1 (35. Bf3 {was the only defense.}) 35... Nxd5 $19 36. cxd5 {[%emt 0:00:49][%mdl 4096] Endgame KRR-KRR} Re4 37. Ra1 Rb4 38. Rc3 Ree4 39. Rca3 Kf6 40. f4 g4 41. hxg4 fxg4 42. R1a2 Kf5 43. Kf2 Rec4 44. Ke2 Ke4 45. Kf2 Kxd5 46. Ke2 Ke4 47. Kf2 Rxc6 48. Rd2 Rc5 49. Ra1 Rh5 50. Kg2 {[%emt 0:00:22] Prevents Rh2+.} Rd5 51. Re2 c5 52. Rh1 h5 {[%emt 0:00:06] [#] Hoping for ...c4.} 53. Ra1 Rd3 {[%emt 0:00:50] And now ...c4 would win.} 54. Kf2 Rbb3 {[%emt 0:00:33] White must now prevent ...c4.} 55. Rh1 Rxe3 56. Rxe3+ Rxe3 57. Rxh5 {[%emt 0:00:02] KR-KR} Rf3+ 58. Kg2 Ra3 {[%emt 0:00:11] [#] ( -> ...c4)} 59. f5 Ra2+ {[%emt 0:00:07] Black mates.} 60. Kf1 c4 61. f6 c3 62. Ke1 Ra1+ {[%emt 0:00:19] Weighted Error Value: White=0.42/Black=0.08 (flawless)} 0-1

[Event "Asian Amateur-ch Open 2022"]
[Site "Muscat"]
[Date "2022.10.03"]
[Round "6.14"]
[White "Atharv Bansal"]
[Black "Nadeem Aziz"]
[Result "1/2-1/2"]
[ECO "B48"]
[WhiteElo "1164"]
[BlackElo "1797"]
[Annotator "NA RC COMBH"]
[PlyCount "128"]
[EventDate "2022.09.29"]
[EventType "swiss"]
[SourceTitle "playchess.com"]
[Source "ChessBase"]
[SourceQuality "1"]
[TimeControl "5400+30"]

1. e4 c5 2. Nf3 e6 3. d4 cxd4 4. Nxd4 Nc6 5. Nc3 Qc7 6. Be2 a6 7. O-O Nf6 8. a3 Be7 9. Be3 d6 10. f4 Na5 11. Qd3 O-O 12. Kh1 b5 13. b4 Nc6 14. Nxc6 Qxc6 15. Bf3 Bb7 16. e5 Nd5 17. Nxd5 exd5 18. exd6 Qxd6 19. Bc5 Qd7 20. Bxe7 Qxe7 21. Rae1 Qd6 22. Re5 Rae8 23. Bxd5 Bxd5 24. Qxd5 Qxd5 25. Rxd5 Re2 26. Rd6 h6 27. Rxa6 Rc8 28. Rc1 Rcxc2 29. Rg1 Ra2 30. h3 Rf2 31. Ra5 Rxf4 32. Rxb5 Rxa3 33. Re1 Rb3 34. Re8+ Kh7 35. Re7 Kg6 36. Rb6+ Rf6 37. Rxf6+ Kxf6 38. Rb7 h5 39. h4 g6 40. b5 Ke6 41. b6 f6 42. Rb8 Kf5 43. Kh2 Kg4 44. b7 g5 45. hxg5 fxg5 46. Ra8 Rxb7 47. Ra4+ Kf5 48. Ra5+ Kf6 49. Ra6+ Kg7 50. Ra5 Kh6 51. Ra6+ Kh7 52. Kg3 Rf7 53. Rb6 Kg7 54. Kh2 Rf6 55. Rb3 Kg6 56. Rc3 Re6 57. Rf3 g4 58. Ra3 Re2 59. Kg3 Re5 60. Kh4 Re2 61. Ra6+ Kf5 62. Ra5+ Kg6 63. Ra6+ Kf5 64. Ra5+ Kg6 1/2-1/2

[Event "Asian Amateur-ch Open 2022"]
[Site "Muscat"]
[Date "2022.10.03"]
[Round "6.15"]
[White "Jaradat, Othman"]
[Black "Reyes, Danilo G."]
[Result "1/2-1/2"]
[ECO "B07"]
[WhiteElo "1751"]
[BlackElo "1584"]
[Annotator "NA RC COMBH"]
[PlyCount "127"]
[EventDate "2022.09.29"]
[EventType "swiss"]
[SourceTitle "playchess.com"]
[Source "ChessBase"]
[SourceQuality "1"]
[TimeControl "5400+30"]

1. e4 d6 2. d4 Nf6 3. Nc3 g6 4. f3 c6 5. Be3 b5 6. Qd2 Qa5 7. a3 a6 8. O-O-O Nbd7 9. g4 Bg7 10. g5 Nh5 11. f4 Rb8 12. Nge2 b4 13. Na2 c5 14. Kb1 Qb6 15. axb4 cxb4 16. d5 Nc5 17. Bg2 Bg4 18. Rde1 b3 19. cxb3 Bxe2 20. Rxe2 Qxb3 21. Bd4 Bxd4 22. Qxd4 Qd3+ 23. Qxd3 Nxd3 24. Rd2 Ndxf4 25. Rc1 Nxg2 26. Rxg2 Kd7 27. Rc6 Rhc8 28. Rxa6 f6 29. h4 Rc4 30. gxf6 Nxf6 31. Ra7+ Ke8 32. e5 dxe5 33. Re2 Re4 34. Rxe4 Nxe4 35. Kc2 Nf6 36. Nc3 Rc8 37. Kd3 Rc5 38. b4 Rc8 39. b5 e4+ 40. Kd4 e3 41. b6 Rxc3 42. Kxc3 Nxd5+ 43. Kd3 Nxb6 44. Kxe3 Kf7 45. Ke4 Nc8 46. Ra5 Nd6+ 47. Kf4 Kf6 48. Re5 h5 49. Ra5 Nf5 50. Ra6+ e6 51. Ra8 Nxh4 52. Rf8+ Kg7 53. Re8 Kf7 54. Rh8 Nf5 55. Kg5 Kg7 56. Re8 Kf7 57. Rh8 Ne7 58. Rh7+ Ke8 59. Kf6 Ng8+ 60. Kxg6 Ne7+ 61. Kxh5 Kd7 62. Kg5 Kd6 63. Rh6 Nd5 64. Rxe6+ 1/2-1/2

[Event "Asian Amateur-ch Open 2022"]
[Site "Muscat"]
[Date "2022.10.03"]
[Round "6.16"]
[White "Al Amri, Mahad"]
[Black "Velavaa Ragavesh"]
[Result "0-1"]
[ECO "B75"]
[WhiteElo "1589"]
[BlackElo "1698"]
[Annotator "NA RC COMBH"]
[PlyCount "68"]
[EventDate "2022.09.29"]
[EventType "swiss"]
[SourceTitle "playchess.com"]
[Source "ChessBase"]
[SourceQuality "1"]
[TimeControl "5400+30"]

1. e4 c5 2. Nf3 d6 3. d4 cxd4 4. Nxd4 Nf6 5. Nc3 g6 6. f3 Bg7 7. Be3 a6 8. Qd2 h5 9. O-O-O b5 10. h4 Bb7 11. Kb1 Nbd7 12. a3 Rc8 13. Be2 Ne5 14. Nb3 Qc7 15. Qd4 Nc4 16. Bxc4 bxc4 17. Nc1 Rb8 18. g4 O-O 19. gxh5 Nxe4 20. Qxg7+ Kxg7 21. fxe4 e5 22. Rdg1 Bxe4 23. Rh3 Qb7 24. Nd1 Bf3 25. b3 Bxh5 26. Nb2 cxb3 27. cxb3 Qe4+ 28. Ka2 Rfc8 29. Ncd3 Qd5 30. Nb4 Qe6 31. Rhg3 a5 32. N4d3 Qxb3+ 33. Ka1 Qxa3+ 34. Kb1 Qxd3+ 0-1

[Event "Asian Amateur-ch Open 2022"]
[Site "Muscat"]
[Date "2022.10.03"]
[Round "6.18"]
[White "Owlad, Ehsan"]
[Black "Zholdoshmamatov, Adilet"]
[Result "1-0"]
[ECO "D93"]
[WhiteElo "1962"]
[BlackElo "1654"]
[Annotator "TA"]
[PlyCount "77"]
[EventDate "2022.09.29"]
[EventType "swiss"]
[SourceTitle "playchess.com"]
[Source "ChessBase"]
[SourceQuality "1"]
[TimeControl "5400+30"]

1. c4 Nf6 2. Nc3 g6 3. d4 d5 4. Nf3 Bg7 5. Bf4 O-O 6. e3 c5 7. Be2 Nc6 (7... cxd4 {keeps more tension.} 8. Nxd4 dxc4 9. Bxc4 Qa5) 8. O-O {[%emt 0:00:21] D93: Grünfeld: 4 Nf3 Bg7 5 Bf4 0-0 6 e3.} Bg4 9. dxc5 dxc4 {[%emt 0:04:14] [#]} 10. h3 $146 {[%emt 0:02:57] The position is equal.} ({Predecessor:} 10. Qa4 Nd5 11. Nxd5 Qxd5 12. Qxc4 Bxf3 13. gxf3 Qxc4 14. Bxc4 Bxb2 15. Rab1 Ba3 16. Bd5 Rfd8 17. Be4 f5 18. Bc2 Bxc5 19. Rxb7 Na5 20. Rb5 Bb6 21. e4 Rac8 22. Bd1 e6 {½-½ (22) Lau,U (2270)-Pielnik,R Dortmund 1993}) 10... Bxf3 11. Bxf3 ({Reject} 11. gxf3 Qc8 $11) 11... Qa5 12. Rc1 Rfd8 13. Qe2 Qxc5 14. Na4 Qa5 (14... Qb5 $1 $11 {keeps the balance.} 15. Qxc4 Qxc4 16. Rxc4 Nd5) 15. Bxc6 ({White should try} 15. Qxc4 $16 {And now Nc5 would win.} Nd7 16. Bxc6 bxc6 17. Qxc6) 15... bxc6 $11 16. Qxc4 Rac8 17. Nc3 (17. Nc5 $5 Qb5 18. Be5 $11) 17... Nd5 18. Nxd5 Qxd5 19. b3 Qxc4 20. Rxc4 Rd2 21. Ra4 e5 22. Bg3 Rc7 23. Rc1 f5 24. Rc5 Re7 25. Rxc6 g5 {[%emt 0:00:34] Prevents Bh4.} 26. f3 $1 Rd1+ {[%emt 0:02:53] [#]} (26... Red7 $142) 27. Kh2 $1 $16 {[%emt 0:03:50] White is more active.} f4 28. Bf2 (28. exf4 $16 exf4 29. Bf2) 28... Rf1 ({Black should play} 28... e4 $1 $14) 29. Rc2 $18 Rd7 30. e4 g4 $2 {[%emt 0:07:28] Loses the game.} (30... Bf8 $16 31. g4 (31. Bxa7 Rdd1 $16) 31... Rfd1 32. Bxa7 Kf7) 31. hxg4 Rd6 $2 (31... Bf8 32. g3 (32. Bxa7 Rdd1 $18) 32... Rfd1 33. gxf4 exf4 34. Bxa7 Kf7) 32. g5 (32. Rc8+ $142 Bf8 {[#]} 33. Rxf8+ $1 (33. Bh4 {is a self mate.} Rdd1) 33... Kxf8 34. Bc5) 32... h5 $2 (32... a6 33. g3 fxg3+ 34. Kxg3 h6) 33. Rxa7 Rdd1 34. g3 {[%emt 0:00:21] Black must now prevent Rc8+.} Kh7 (34... Rc1 $142 35. Rd2 Rc8) 35. Kg2 {[%emt 0:00:53] Threatens to win with Rcc7.} fxg3 36. Kxg3 Kg6 37. Rc6+ {[%emt 0:00:24] White mates.} Bf6 38. Rxf6+ Kxg5 39. Rf5+ {[%emt 0:00:08] Weighted Error Value: White=0.38/Black=0.68} 1-0

[Event "Asian Amateur-ch Open 2022"]
[Site "Muscat"]
[Date "2022.10.03"]
[Round "6.20"]
[White "Sharaf, Khaleel"]
[Black "Al Balushi, Emad"]
[Result "1-0"]
[ECO "D11"]
[WhiteElo "1874"]
[BlackElo "1617"]
[Annotator "NA RC COMBH"]
[PlyCount "89"]
[EventDate "2022.09.29"]
[EventType "swiss"]
[SourceTitle "playchess.com"]
[Source "ChessBase"]
[SourceQuality "1"]
[TimeControl "5400+30"]

1. c4 c6 2. d4 d5 3. Nf3 Nf6 4. g3 Bf5 5. Nc3 e6 6. Bg2 Nbd7 7. Qb3 Qb6 8. c5 Qxb3 {[%emt 0:04:07] 8...Qc7 is the hot move.} 9. axb3 Be7 10. b4 Ne4 {[%emt 0:00:49] [#]} 11. Bf4 $146 ({Predecessor:} 11. Nd2 Nxd2 12. Bxd2 Bf6 13. e3 e5 14. Ne2 O-O 15. Bc3 a6 16. f3 Rae8 17. h4 {0-1 (63) Chu,R (2590)-Ju,W (2587) China 2019}) 11... g5 12. Bc1 g4 13. Ng1 (13. Nh4 $142) 13... b6 (13... Nxc3 $11 14. bxc3 h5) 14. h3 Nxc3 15. bxc3 O-O 16. hxg4 Bxg4 17. Nf3 a5 18. Rb1 ({Much worse is} 18. cxb6 axb4 19. Rxa8 Rxa8 $17) (18. bxa5 $11 bxa5 19. Nd2) 18... bxc5 19. bxc5 Rfb8 20. Ra1 Bf6 21. Nd2 Bf5 ({Black should play} 21... e5 $11 22. e3 exd4 23. exd4 a4) 22. e4 dxe4 (22... Bg6 $1 $14) 23. Nxe4 Bxe4 24. Bxe4 Nxc5 25. Bxh7+ Kg7 26. Bc2 Nb3 27. Bh6+ Kg8 28. Ra4 Bg7 29. Bf4 Rb5 30. Bd6 e5 31. Bh7+ Kh8 32. Be4+ Kg8 33. Bxc6 Rb6 34. Bxa8 Rxd6 35. d5 e4 36. Kd1 Bxc3 37. Kc2 Nc5 38. Rc4 Bb4 {[%emt 0:00:06] [#]} 39. Rb1 $1 Kg7 40. Rbxb4 axb4 41. Rxc5 Rf6 42. Kb3 Rxf2 43. d6 Rf3+ 44. Kxb4 Rxg3 45. d7 1-0

[Event "Asian Amateur-ch Open 2022"]
[Site "Muscat"]
[Date "2022.10.03"]
[Round "6.21"]
[White "Hayabik, Husain"]
[Black "Khayat, Emad"]
[Result "0-1"]
[ECO "C45"]
[WhiteElo "1828"]
[BlackElo "1597"]
[Annotator "NA RC COMBH"]
[PlyCount "57"]
[EventDate "2022.09.29"]
[EventType "swiss"]
[SourceTitle "playchess.com"]
[Source "ChessBase"]
[SourceQuality "1"]
[TimeControl "5400+30"]

1. e4 e5 2. Nf3 Nc6 3. d4 exd4 4. Nxd4 Qf6 5. Be3 Bc5 6. c3 d6 7. Be2 Qg6 8. Bf3 (8. Nb5 $1 $14 Bxe3 9. Nxc7+ Kd7 10. Nxa8 Qxg2 11. Rf1) 8... Nf6 9. Nd2 O-O ({Better is} 9... Ne5 $11) 10. h4 (10. Nxc6 $1 $14 bxc6 11. Bxc5 dxc5 12. Qe2) 10... Ne5 11. h5 Nxf3+ 12. N4xf3 (12. Qxf3 $11 {remains equal.} Qg4 13. h6) 12... Nxh5 $2 (12... Qxg2 $17 {and life is bright.} 13. Rh2 Qg4 14. Bxc5 dxc5) 13. Bxc5 Nf4 (13... dxc5 $2 14. Ne5 Qg5 15. Qxh5 $18) 14. Be3 Nxg2+ 15. Kf1 f5 16. e5 f4 17. Bd4 {[%emt 0:00:08] [#]} Bf5 $1 18. Ne1 Nxe1 19. Kxe1 dxe5 20. Bc5 Qc6 $1 21. Qh5 ({Inferior is} 21. Qb3+ Be6 22. Qxe6+ Qxe6) 21... Bg6 22. Qh2 Qxc5 23. Nb3 Qc6 24. Rd1 Rf5 25. Qg1 Rff8 $2 (25... Qe4+ $19 26. Kd2 Rh5 27. Qxg6 hxg6) 26. Rh3 Qe4+ 27. Kf1 f3 $19 28. Nc1 Rad8 29. Rh1 0-1

[Event "Asian Amateur-ch Open 2022"]
[Site "Muscat"]
[Date "2022.10.03"]
[Round "6.22"]
[White "Al Darwashi, Anas"]
[Black "Gabdushev, Arman"]
[Result "1-0"]
[ECO "B12"]
[WhiteElo "1530"]
[BlackElo "1827"]
[Annotator "NA RC COMBH"]
[PlyCount "79"]
[EventDate "2022.09.29"]
[EventType "swiss"]
[SourceTitle "playchess.com"]
[Source "ChessBase"]
[SourceQuality "1"]
[TimeControl "5400+30"]

1. e4 c6 2. d4 d5 3. f3 Qb6 4. c4 dxc4 5. Nc3 Nd7 6. Bxc4 e5 $1 7. Nge2 exd4 8. Qxd4 Qxd4 (8... Ngf6 $1 $11 {deserves consideration.}) 9. Nxd4 Ne5 10. Be2 Bb4 11. Bd2 Ne7 12. O-O-O a6 (12... Ba5 $142) 13. Kc2 (13. Na4 $16 Bxd2+ 14. Rxd2 (14. Kxd2 Nd7 $16)) 13... c5 14. Nb3 N5c6 15. a3 Bxc3 (15... Be6 $142) 16. Bxc3 b6 17. Rd6 ({Don't take} 17. Bxg7 Rg8 18. Bc3 Rxg2 $14) 17... O-O 18. Bc4 b5 19. Bd5 Nxd5 20. exd5 Bf5+ 21. Kc1 c4 22. Nc5 ({Don't do} 22. Rxc6 $6 cxb3 23. Re1 h5 $16) 22... Ne7 23. Nxa6 (23. g4 $18 Bd3 24. Re1 (24. Nxa6 Nc8 $16)) 23... Rfd8 24. Rxd8+ Rxd8 25. Nc7 Nxd5 26. Rd1 Bd3 27. Nxb5 Rb8 28. a4 Ne3 {[%emt 0:03:36] [#]} (28... Ra8 $16) 29. Re1 $1 Nd5 $18 {[%emt 0:02:50] [#]} (29... Nxg2 $142 30. Rg1 Nf4 31. Rxg7+ Kf8) 30. a5 $1 f6 {[%emt 0:00:20] [#]} 31. a6 $1 Nxc3 32. bxc3 Kf7 $2 (32... Rxb5 $11 33. Re8+ (33. a7 Rb1+ 34. Kd2 Rb2+ 35. Kd1 Rb1+ 36. Kd2 Rb2+ 37. Kd1 Rb1+ 38. Kd2 $11) 33... Kf7) 33. a7 Ra8 34. Nd6+ Kg6 35. Re7 Bf1 36. Kd2 f5 37. Rb7 f4 38. Ke1 Bxg2 39. Kf2 Bh3 40. Nb5 1-0

[Event "Asian Amateur-ch Open 2022"]
[Site "Muscat"]
[Date "2022.10.03"]
[Round "6.23"]
[White "Al Ansi Amin"]
[Black "Al Jahwari, Adnan Mohammed"]
[Result "1-0"]
[ECO "B20"]
[WhiteElo "1806"]
[BlackElo "1546"]
[Annotator "NA RC COMBH"]
[PlyCount "109"]
[EventDate "2022.09.29"]
[EventType "swiss"]
[SourceTitle "playchess.com"]
[Source "ChessBase"]
[SourceQuality "1"]
[TimeControl "5400+30"]

1. e4 c5 2. b3 d6 3. Bb5+ Bd7 4. Bxd7+ Qxd7 5. Bb2 e5 6. Nc3 Nf6 7. Nge2 Nc6 8. O-O g5 9. Ng3 h5 10. d3 h4 11. Nf5 Nd4 12. Nxd4 cxd4 13. Ne2 Be7 14. f3 Nh5 15. c3 dxc3 16. Bxc3 Nf4 17. d4 f6 18. h3 Qb5 19. Nxf4 gxf4 20. Rc1 Kf7 21. Rf2 Rag8 22. Rfc2 Rg3 23. Be1 Rg7 24. Qe2 (24. Kh2 $16) 24... Qxe2 25. Rxe2 Bd8 26. d5 Bb6+ 27. Kh2 f5 28. b4 fxe4 29. Rxe4 Kf6 30. a4 Rc7 31. Rec4 Rxc4 32. Rxc4 Ke7 33. a5 Bd8 34. Bf2 a6 35. Kg1 Kd7 36. Kf1 Be7 37. Bb6 Rc8 38. Rxc8 Kxc8 39. Ke2 Kd7 40. Kd3 Ke8 41. Ke4 Kf7 42. Kf5 Bf6 43. Kg4 Kg6 44. Bf2 Bd8 45. Bxh4 Bxh4 46. Kxh4 Kf5 47. Kh5 e4 48. fxe4+ Kxe4 49. Kg4 Kxd5 50. h4 Ke4 51. h5 d5 52. h6 d4 53. h7 d3 54. h8=Q d2 55. Qa1 1-0